Unix NetHack Version 5.0.0-0 post-release - last build May 31 2026 23:59:36 (970b52f25bf058293b47ddfd14a1e40e571c508c,branch:main).

Game began 2026-06-05 06:18:33, ended 2026-06-05 07:07:58.

DiePARTEI, neutral male human Tourist

                                          --------
                              ------------->.|...|
                              |.^.........^......|
                              |+-----------..|..-|
                              |.....|--...|..|...|
                              |.....|-...-...|...|
                              |.....|`0.....--...|
                              |..<..|.-.|..-..|.-|
                              |.....|.00|.....|..|
                              |.....|.-.|a0-.....|
                              |.....|...|@a......|
                              --------------------

DiePARTEI the Sightseer     St:12 Dx:10 Co:13 In:13 Wi:11 Ch:18  Neutral
Dlvl:3  $:836 HP:0(46) Pw:31(31) AC:0  Xp:5 T:4273  Burdened

Latest messages:
 The dart misses the giant ant.
 The giant ant bites!
 The giant ant misses!
 The giant ant bites!
 The giant ant misses!
 In what direction? 8
 The dart misses the giant ant.
 The giant ant just misses!
 The giant ant bites!
 In what direction? 8
 The dart hits the giant ant!
 The giant ant bites!
 The giant ant misses!
 In what direction? 8
 The dart misses the giant ant.
 The giant ant misses!
 The giant ant bites!
 The giant ant misses!
 In what direction? 8
 The dart hits the giant ant.
 The giant ant just misses!
 The giant ant bites!
 In what direction? 8
 The dart misses the giant ant.
 The giant ant misses!
 The giant ant bites!
 The giant ant misses!
 The giant ant bites!
 In what direction? 8
 The dart hits the giant ant.
 The giant ant misses!
 The giant ant bites!
 The giant ant bites!
 The giant ant bites!
 The giant ant bites!
 The giant ant misses!
 The giant ant bites!
 Are you sure you want to pray? [yn] (n) y
 You begin praying to The Lady.
 The giant ant bites!
 The giant ant bites!
 The giant ant bites!
 The giant ant misses!
 The giant ant bites!
 You die...
 Do you want your possessions identified? [ynq] (y) y
 Do you want to see your attributes? [ynq] (y) y
 Do you want an account of creatures vanquished? [ynaq] (y) y
 Do you want to see your conduct and achievements? [ynq] (y) y
 Do you want to see the dungeon overview? [ynq] (y) y

Inventory:
 Coins    ('$')
  $ - 836 gold pieces
 Weapons  (')')
  a - 15 blessed +2 darts (at the ready)
  P - 7 +0 darts
 Armor    ('[')
  m - an uncursed +0 orcish helm (being worn)
  U - a blessed +1 pair of jumping boots (being worn)
  V - an uncursed +0 shield of drain resistance (being worn)
  W - a cursed +0 cloak of displacement (being worn)
  k - an uncursed +0 Hawaiian shirt with a bird of paradise motif (being worn)
  Y - an uncursed +0 elven mithril-coat (being worn)
 Comestibles  ('%')
  F - an uncursed candy bar labeled "Berry Bar"
  L - an uncursed cream pie
  e - 6 uncursed food rations
  f - 3 uncursed fortune cookies
  q - an uncursed orange
  g - 3 uncursed tripe rations
  c - 4 uncursed eggs
 Scrolls  ('?')
  E - 2 uncursed scrolls of earth
  C - a cursed scroll of enchant armor
  j - a blessed scroll of magic mapping
  i - 3 uncursed scrolls of magic mapping
 Spellbooks  ('+')
  D - an uncursed spellbook of healing
 Potions  ('!')
  p - an uncursed potion of confusion
 Rings    ('=')
  G - an uncursed ring of poison resistance
  N - a cursed ring of polymorph
  B - an uncursed ring of slow digestion
 Wands    ('/')
  x - a wand of light (0:11)
  H - a wand of lightning (0:7)
  J - a wand of locking (0:3)
 Tools    ('(')
  l - an expensive camera (0:67)
  t - a magic marker (0:37)
  z - an uncursed oil lamp
  s - an uncursed skeleton key
  r - a tinning kit (0:81)
 Gems/Stones  ('*')
  A - a cursed agate stone
  Q - a cursed citrine stone

DiePARTEI the Tourist's attributes:

Background:
 You were a Sightseer, a level 5 male human Tourist.
 You were neutral, on a mission for The Lady
 who was opposed by Blind Io (lawful) and Offler (chaotic).
 You were right-handed.
 You were in Sokoban, on level 3.
 You entered the dungeon 4273 turns ago.
 You had 223 experience points, 97 more were needed to attain level 6.

Basics:
 You had 0 out of 46 hit points.
 You had all 31 energy points (spell power).
 Your armor class was 0.
 Your wallet contained 836 zorkmids.
 Autopickup was off.

Final Characteristics:
 Your strength was 12 (limit:18/100).
 Your dexterity was 10 (limit:18).
 Your constitution was 13 (limit:18).
 Your intelligence was 13 (limit:18).
 Your wisdom was 11 (limit:18).
 Your charisma was 18 (limit:18).

Final Status:
 You weren't hungry.
 You were burdened; movement was slightly slowed.
 You were bare handed.
 You had basic skill with bare handed combat.

Final Attributes:
 You were piously aligned.
 You were level-drain resistant.
 You were displaced.
 You could jump.
 You were guarded.
 Your spell casting was impaired by metallic armor.
 You were unlucky.
 You are dead.

Miscellaneous:
 You didn't encounter any bones levels.
 Total elapsed playing time was 49 minutes and 24 seconds.

Major events:
 Turn
    1: DiePARTEI the neutral male human Tourist entered the dungeon
 1786: attained the rank of Sightseer (level 3)
 2635: entered the Gnomish Mines
 2954: entered Sokoban
 3326: completed 1st Sokoban level
 3852: completed 2nd Sokoban level
 4273: killed by a giant ant, while praying

Spells:
 Name                 Level Category     Fail Retention
 healing                1   healing      100%  76%-100%

Skills:
 Fighting Skills
   bare handed combat [Basic]
   two weapon combat  [Unskilled]
   riding             [Unskilled]
 Weapon Skills
   dagger             [Unskilled]
   knife              [Unskilled]
   axe                [Unskilled]
   pick-axe           [Unskilled]
   short sword        [Unskilled]
   broadsword         [Unskilled]
   long sword         [Unskilled]
   two-handed sword   [Unskilled]
   saber              [Unskilled]
   mace               [Unskilled]
   morning star       [Unskilled]
   flail              [Unskilled]
   hammer             [Unskilled]
   quarterstaff       [Unskilled]
   polearms           [Unskilled]
   spear              [Unskilled]
   trident            [Unskilled]
   lance              [Unskilled]
   bow                [Unskilled]
   sling              [Unskilled]
   crossbow           [Unskilled]
   dart               [Basic]
   shuriken           [Unskilled]
   boomerang          [Unskilled]
   whip               [Unskilled]
   unicorn horn       [Unskilled]
 Spellcasting Skills
   divination spells  [Unskilled]
   enchantment spells [Unskilled]
   escape spells      [Unskilled]

Voluntary challenges:
 Character rerolling was not enabled.
 You never hit with a wielded weapon.
 You never genocided any monsters.
 You never polymorphed an object.
 You never changed form.
 You used no wishes.
 You did not violate any of the special Sokoban rules.
Achievements:
 You entered a shop.
 You attained the rank of Sightseer.
 You entered the Gnomish Mines.
 You entered Sokoban.

 The Dungeons of Doom: levels 1 to 6
    Level 1:
       A fountain.
    Level 2:
       A tool shop, an altar to The Lady, a fountain.
    Level 3:
       A food shop.
    Level 4:
       An armor shop.
       Stairs down to The Gnomish Mines.
    Level 5:
       Many fountains.
    Level 6:
       A scroll shop.
       Stairs up to Sokoban, level 5.
 The Gnomish Mines:
    Level 5:
 Sokoban: levels 5 up to 3
    Level 3: <- You were here.
       Unsolved.
       Final resting place for
          you, killed by a giant ant, while praying.
    Level 4:
       Solved.
    Level 5:
       Solved.


Vanquished creatures:
  a black light
  a dingo
  a blue jelly
 an orc shaman
  a rock piercer
  a yellow light
  a shrieker
 an elf zombie
  a floating eye
  a kobold leader
  2 orc zombies
 an iguana
  2 acid blobs
  2 large kobolds
  a hobgoblin
  2 giant rats
  a green mold
 10 jackals
  2 foxes
  a goblin
  2 grid bugs
  3 bats
  2 lichens
  a kobold zombie
  6 newts
48 creatures vanquished.

No species were genocided or became extinct.

Game over:
                       ----------
                      /          \
                     /    REST    \
                    /      IN      \
                   /     PEACE      \
                  /                  \
                  |    DiePARTEI     |
                  |      836 Au      |
                  |   killed by a    |
                  |    giant ant     |
                  |                  |
                  |                  |
                  |       2026       |
                 *|     *  *  *      | *
        _________)/\\_//(\/(/\)/\//\/|_)_______

Aloha DiePARTEI the Tourist...

You died in Sokoban on dungeon level 3 with 1202 points,
and 836 pieces of gold, after 4273 moves.
You were level 5 with a maximum of 46 hit points when you died.

